 Dungeon Crawl Stone Soup version 0.28-a0-1435-g82390b3a13 (webtiles) character file.

Game seed: 12481685623174261224

68 knot the Chopper (level 4, 20/35 HPs)
             Began as a Demonspawn Berserker on Jan 10, 2022.
             Was a Follower of Trog.
             Quit the game on level 3 of the Dungeon.
             The game lasted 00:03:00 (2459 turns).

knot the Chopper (Demonspawn Berserker)             Turns: 2459, Time: 00:03:01

Health: 20/35      AC:  5    Str: 18    XL:     4   Next: 1%
Magic:  4/4        EV: 11    Int: 10    God:    Trog [*.....]
Gold:   91         SH:  0    Dex: 12    Spells: 3/3 levels left

rFire   + . .      SeeInvis .   a - +0 hand axe
rCold   . . .      Faith    .   (no shield)
rNeg    . . .      Spirit   .   f - +0 ring mail
rPois   .          Reflect  .   (no helmet)
rElec   .          Harm     .   (no cloak)
rCorr   .          Rampage  .   (no gloves)
Will    .....                   (no boots)
Stlth   +.........              (no amulet)
HPRegen 0.11/turn               j - ring of protection from fire
MPRegen 0.09/turn               (no ring)

@: no status effects
A: powered by pain 1, sturdy frame 1
a: Renounce Religion, Berserk


You were on level 3 of the Dungeon.
You worshipped Trog.
Trog was aware of your devotion.
You visited 1 branch of the dungeon, and saw 3 of its levels.

You collected 91 gold pieces.

Inventory:

Hand Weapons
 a - a +0 hand axe (weapon)
Missiles
 c - 81 stones
 k - 13 sling bullets
 o - 2 poisoned darts (quivered)
Armour
 f - a +0 ring mail (worn)
Jewellery
 j - a ring of protection from fire (left hand)
Scrolls
 e - 2 scrolls of blinking {unknown}
 g - a scroll of fog {unknown}
 h - a scroll of teleportation {unknown}
 i - a scroll of immolation {unknown}
 n - a scroll of noise {unknown}
Potions
 b - a potion of berserk rage {unknown}
 d - a potion of cancellation {unknown}
 l - a potion of heal wounds {unknown}
 m - a potion of haste {unknown}


   Skills:
 - Level 3.0 Fighting
 * Level 4.4 Axes
 * Level 0.1 Throwing
 - Level 1.7 Armour
 - Level 1.7 Dodging


You had 3 spell levels left.
You didn't know any spells.
Your spell library contained the following spells:

 Spells                   Type           Power      Damage    Failure   Level
 Conjure Flame            Conj/Fire      0%         6-21      83%         3
 Ignite Poison            Fire/Tmut/Pois 0%         N/A       83%         3
 Olgreb's Toxic Radiance  Pois           0%         N/A       99%         4
 Sticky Flame             Conj/Fire      0%         2d3       99%         4
 Ozocubu's Refrigeration  Ice            0%         4d5       100%        7
 Ignition                 Fire           0%         3d3       100%        8


Dungeon Overview and Level Annotations

Branches:
Dungeon (3/15)

Altars:


Innate Abilities, Weirdness & Mutations

You sometimes gain a little power by taking damage.
Your movements are slightly less encumbered by armour. (ER -2)


Message History

You throw a poisoned dart.
The poisoned dart barely misses the hobgoblin.
You barely miss the hobgoblin.
The hobgoblin is moderately wounded.
The hobgoblin misses you.
You closely miss the hobgoblin.
The hobgoblin is moderately wounded.
The hobgoblin hits you.
You hit the hobgoblin.
You kill the hobgoblin!
Trog accepts your kill.
Throw: 4 darts (poison)
Press: ? - help, Q - select action, (/) - cycle Shift-Dir - straight line, f - endoplasm
Aim: an endoplasm (85% to hit)
You throw a poisoned dart.
The poisoned dart barely misses the endoplasm.
Throw: 3 darts (poison)
Press: ? - help, Q - select action, (/) - cycle Shift-Dir - straight line, f/p - endoplasm
Aim: an endoplasm (85% to hit)
You throw a poisoned dart.
The poisoned dart barely misses the endoplasm.
The endoplasm barely misses you.
You hit the endoplasm.
The endoplasm is lightly wounded.
The endoplasm barely misses you.
You hit the endoplasm.
The endoplasm is moderately wounded.
The endoplasm freezes you.
You are frozen.
The endoplasm hits you.
You hit the endoplasm.
The endoplasm is severely wounded.
The endoplasm freezes you.
You are frozen.
You hit the endoplasm.
You kill the endoplasm!
Trog accepts your kill.
You have reached level 4!
You feel stronger.
Your demonic ancestry asserts itself...
You feel energised by your suffering.
Are you sure you want to abandon this character and quit the game? (Confirm with "yes".)

........####
...........+ ...(...
####....#### .....
#......## .....
#.##.#.# ... #.##.#.#
(.. #.#..#.# #'#
#.#.##.# #†#
#.#.##.### #@#
#........# ##.##
###.####.# ##...##
#....#.# #.....#
#.##.#.######...##.##
#.##................#
#.####.###########.##
#.# #.# # #.####.#


There were no monsters in sight!

Vanquished Creatures
  2 adders (D:2)
  4 endoplasms
  2 giant cockroaches
  9 goblins
  6 hobgoblins
  A quokka (D:1)
  6 ball pythons (D:1)
  4 bats
  A frilled lizard (D:1)
  5 kobolds
  4 rats
44 creatures vanquished.

Notes
Turn   | Place    | Note
-------+----------+-------------------------------------------
     0 | D:1      | knot the Demonspawn Berserker began the quest for the Orb.
     0 | D:1      | Reached XP level 1. HP: 18/18 MP: 1/1
    36 | D:1      | Reached skill level 3 in Axes
   219 | D:1      | Gained mutation: Your movements are slightly less
                  | encumbered by armour. (ER -2) [demonic ancestry]
   219 | D:1      | Reached XP level 2. HP: 13/24 MP: 2/2
   854 | D:1      | Reached XP level 3. HP: 26/29 MP: 3/3
   931 | D:1      | Reached ** piety under Trog
  1343 | D:2      | Reached skill level 4 in Axes
  1643 | D:2      | Found a faded altar of an unknown god.
  2459 | D:3      | Gained mutation: You sometimes gain a little power by
                  | taking damage. [demonic ancestry]
  2459 | D:3      | Reached XP level 4. HP: 20/35 MP: 4/4
  2459 | D:3      | Quit the game

Illustrated notes

Levels and vault maps discovered:
D:1:      dpeg_arrival_pond, layout_basic, minmay_misc_feat_diagonals,
          minmay_hexomino_c4
D:2:      layout_rooms, shapermc_ecumenical_altar_hornbeckon
D:3:      layout_loops_corners

Skill      XL: |  1  2  3 |
---------------+----------+-----
Axes           | 3 4 |  4.4
Fighting       | |  3.0
Throwing       | |  0.1
Armour         | |  1.7
Dodging        | |  1.7

Action                   |  1- 3 |  4- 6 || total
-------------------------+-------+-------++-------
Melee: Hand axe          |   118 |       ||   118
Throw: Dart              |     6 |       ||     6
       Stone             |     4 |       ||     4
Invok: Berserk           |     3 |       ||     3
Armor: Animal skin       |     9 |       ||     9
       Ring mail         |    27 |       ||    27
Dodge: Dodged            |    77 |       ||    77

Table legend: (Time is in decaauts)
 A = Elapsed time spent in this place.
 B = Non-inter-level travel time spent in this place.
 C = Inter-level travel time spent in this place.
 D = Time resting spent in this place.
 E = Time spent auto-exploring this place.
 F = Levels seen in this place.
 G = Mean time per level.
                   A        B        C        D        E       F      G
               +--------+--------+--------+--------+--------+-----+--------+
         Total |   2511 |   2460 |     51 |    638 |   1500 |   3 |  837.0 |
       Dungeon |   2511 |   2460 |     51 |    638 |   1500 |   3 |  837.0 |
               +--------+--------+--------+--------+--------+-----+--------+

Top non-repeatable levels by time:
     D:1: 1356 daAuts
     D:2: 1028 daAuts
     D:3: 126 daAuts
